Map: Central Protocol

Players

Fbondo

  • Race: Terran Terran
  • League: Platinum

MorN - Winner!

  • Race: Terran Terran
  • League: Diamond

VOD

Have the link to the VOD?

Description

Time

  • Played on: Nov. 13, 2015, 9:50 p.m.
  • Length: 11:04
Show
View Real Time Build Order
Export as new Build Order

Fbondo Terran 

Build Orders:  

Get SALT Encoding   

  12  0:00  SCV  
  13  0:12  SCV  
  14  0:17  Supply Depot  
  14  0:25  SCV  
  15  0:39  SCV  
  15  0:41  Barracks  
  16  0:45  Refinery  
  16  0:51  SCV  
  17  1:03  SCV  
  18  1:18  SCV  
  18  1:21  Barracks  
  19  1:29  Reaper  
  19  1:31  Orbital Command  
  20  1:42  Supply Depot  
  20  1:57  SCV  
  21  2:02  Refinery  
  21  2:09  SCV  
  21  2:13  Factory  
  22  2:21  SCV  
  23  2:28  Marine x2  
  25  2:51  Marine  
  26  2:52  Bunker  
  26  2:53  Marine  
  26  2:57  Factory Tech Lab  
  27  2:59  Starport  
  27  3:02  SCV  
  28  3:09  Marine  
  28  3:11  Marine  
  30  3:16  Engineering Bay  
  30  3:24  Supply Depot  
  30  3:25  Supply Depot  
  26  3:48  Marine x2  
  25  3:49  Medivac  
  25  3:50  Siege Tank  
  30  4:14  Marine x2  
  32  4:25  Supply Depot x2  
  32  4:26  Missile Turret  
  32  4:27  SCV, Missile Turret  
  33  4:39  SCV  
  33  4:52  SCV  
  34  4:57  Marine  
  34  4:58  Command Center  
  35  5:04  SCV  
  36  5:15  Medivac  
  36  5:16  SCV, Barracks Tech Lab, Barracks Reactor  
  39  5:26  Siege Tank  
  42  5:34  Missile Turret  
  42  5:53  Terran Infantry Weapons Level 1  
  36  6:29  Liberator  
  36  6:37  SCV  
  36  6:38  Siege Tank, Marine x2  
  36  6:39  Marauder  
  44  6:51  Barracks x2  
  44  6:56  Marine  
  44  7:18  Marine x3  
  44  7:21  Siege Tank  
  50  7:34  Missile Turret  
  50  7:36  Missile Turret  
  50  7:47  Marine x2  
  53  7:53  Barracks Reactor  
  52  8:03  Missile Turret  
  50  8:09  Command Center  
  49  8:37  Marine x4  
  49  8:38  Marine x2  
  49  8:39  Starport Reactor  
  55  9:06  Marine x6  
  55  9:08  Missile Turret  
  61  9:11  Missile Turret x2  
  61  9:27  Medivac  
  61  9:28  Medivac  
  61  9:29  Command Center  
  65  9:44  Marine x4  
  69  9:55  Orbital Command  
  69  10:04  Marine x2  
  69  10:05  Marine  
  72  10:18  Barracks Tech Lab  
Show
View Real Time Build Order
Export as new Build Order

MorN Terran - Winner!

Build Orders: 1/1/1 

Get SALT Encoding   

  12  0:00  SCV  
  13  0:13  SCV  
  14  0:17  Supply Depot  
  14  0:25  SCV  
  15  0:30  Refinery  
  15  0:42  Barracks  
  15  0:45  SCV  
  16  0:52  Refinery  
  16  0:57  SCV  
  17  1:09  SCV  
  18  1:22  SCV  
  19  1:30  Reaper  
  20  1:35  Factory  
  20  1:44  Orbital Command  
  20  1:57  Supply Depot  
  20  2:02  Reaper  
  21  2:10  SCV  
  22  2:24  Starport  
  22  2:25  Hellion  
  22  2:29  SCV  
  25  2:41  Reaper  
  26  2:47  Hellion  
  28  2:52  SCV  
  28  2:57  Supply Depot  
  29  3:02  Medivac  
  29  3:04  Armory  
  31  3:18  SCV  
  31  3:19  Supply Depot, Hellion  
  34  3:22  Reaper  
  35  3:30  SCV  
  34  3:50  Hellion  
  34  3:54  Reaper  
  37  4:11  Hellion  
  37  4:15  Command Center  
  38  4:20  SCV  
  39  4:24  Supply Depot  
  39  4:27  Reaper  
  36  4:49  Factory Tech Lab  
  36  4:53  SCV  
  37  5:01  Barracks Reactor  
  37  5:11  SCV  
  38  5:20  Factory Reactor  
  38  5:21  Banshee  
  38  5:22  Cloaking Field  
  38  5:24  Command Center, SCV  
  43  5:30  Engineering Bay, Orbital Command  
  43  5:31  Engineering Bay  
  42  5:36  SCV  
  42  5:42  Marine x2  
  43  5:48  SCV  
  46  5:51  Supply Depot  
  46  5:56  Missile Turret  
  46  6:00  SCV  
  46  6:01  SCV  
  46  6:03  Terran Infantry Weapons Level 1  
  48  6:05  Terran Infantry Armor Level 1  
  46  6:12  SCV  
  40  6:33  Hellion x2, Marine x2  
  40  6:35  Banshee  
  40  6:37  SCV  
  40  6:39  Orbital Command  
  48  6:40  SCV  
  49  6:49  SCV  
  49  6:52  SCV  
  51  6:55  Refinery x2  
  51  6:57  Barracks  
  51  6:58  Barracks  
  51  7:01  SCV  
  51  7:04  SCV  
  53  7:11  SCV  
  53  7:13  SCV  
  53  7:15  Hellion x2  
  59  7:21  SCV  
  60  7:26  SCV  
  60  7:29  Supply Depot  
  61  7:30  Supply Depot, Missile Turret  
  61  7:35  Orbital Command  
  61  7:37  Marine  
  61  7:39  Hellion x2, Terran Vehicle Weapons Level 1  
  61  7:42  Supply Depot  
  61  7:43  SCV  
  67  7:46  SCV  
  67  7:48  Supply Depot  
  67  7:49  Barracks Reactor  
  68  7:54  Barracks Reactor, Barracks  
  68  7:55  SCV, Barracks, Marine  
  70  8:02  SCV, Hellion x2  
  70  8:04  Medivac  
  77  8:12  SCV  
  78  8:16  Marine  
  79  8:25  Terran Infantry Weapons Level 2, Terran Infantry Armor Level 2  
  79  8:33  Marine x2  
  79  8:34  Marine x3  
  83  8:36  Stimpack  
  83  8:38  SCV, Supply Depot  
  85  8:41  Supply Depot  
  85  8:42  Barracks Reactor  
  85  8:43  Barracks Reactor  
  85  8:48  Medivac x2  
  85  8:51  Marine x2  
  85  8:52  Marine  
  89  8:56  SCV  
  89  9:01  Marine x2  
  92  9:03  Hellion x2  
  92  9:09  Marine x2  
  98  9:10  Marine  
  98  9:12  Supply Depot  
  98  9:13  SCV x2  
  98  9:15  SCV  
  102  9:19  Marine x2  
  102  9:20  Supply Depot  
  104  9:25  Hellion, Marine x4  
  104  9:27  Marine x3  
  113  9:34  Barracks  
  113  9:36  Barracks  
  113  9:37  Barracks, Marine  
  114  9:44  Refinery  
  114  9:46  Refinery  
  114  9:48  Marine x2  
  114  9:49  Marine  
  114  9:50  Medivac, Marine x2  
  114  9:51  Medivac  
  123  9:56  SCV x2  
  123  9:58  Supply Depot  
  125  10:06  Marine x2  
  127  10:08  SCV x2  
  127  10:09  SCV, Supply Depot  
  130  10:14  Marine  
  130  10:15  Marauder, Marine  
  130  10:19  Marine x2  
  130  10:20  SCV  
  137  10:23  Barracks Tech Lab x2  
  137  10:24  Barracks Tech Lab  
  137  10:29  SCV  
  137  10:30  Medivac x2  
  137  10:33  Supply Depot  
Tags
 
Matchup
TvT
Opening
1/1/1
Race
Terran
Replay Pack
MorN pack 1
Add a new tag
Caveats
  • Supply blocks, unpowered buildings, or Contaminate may cause inaccurate times.
  • Supply counts are checked every 10 seconds.